 Dungeon Crawl Stone Soup version 0.24.0-13-gcf9b319 (webtiles) character file.

Game seed: 17269734972189404157, levelgen mode: deterministic

110 Bronimir the Shooter (level 4, -4/35 HPs)
             Began as a Centaur Arcane Marksman on Mar 29, 2020.
             Slain by a gnoll
             ... wielding a +0 flail
              (6 damage)
             ... on level 2 of the Dungeon.
             The game lasted 00:04:31 (2084 turns).

Bronimir the Shooter (Centaur Arcane Marksman)      Turns: 2084, Time: 00:04:32

Health: -4/35      AC:  4    Str: 13    XL:     4   Next: 61%
Magic:  5/5        EV: 10    Int: 12    God:
Gold:   85         SH:  0    Dex: 10    Spells: 2/5 levels left

rFire    . . .     SeeInvis .   b - +0 shortbow
rCold    + . .     Gourm    .   (shield currently unavailable)
rNeg     . . .     Faith    .   e - +0 robe
rPois    .         Spirit   .   (no helmet)
rElec    .         Reflect  .   (no cloak)
rCorr    .         Harm     .   (no gloves)
MR       .....                  (no barding)
Stlth    +.........             (no amulet)
HPRegen  0.11/turn              i - ring of protection from cold
MPRegen  0.09/turn              (no ring)

@: very quick
A: large, hooves 3, deformed body, speed 2, tough skin 3
a: no special abilities


You were on level 2 of the Dungeon.
You were hungry.

You visited 1 branch of the dungeon, and saw 2 of its levels.

You collected 85 gold pieces.

Inventory:

Hand Weapons
 a - a +0 flail
 b - a +0 shortbow (weapon)
 h - a +0 dagger
 l - a +0 club
 m - a +0 hunting sling
Missiles
 k - 8 stones
 o - 11 arrows (quivered)
Armour
 e - a +0 robe (worn)
 n - a +0 ring mail
Jewellery
 i - a ring of protection from cold (left hand)
Scrolls
 c - 2 scrolls of remove curse {unknown}
 j - a scroll of blinking {unknown}
 r - a scroll of immolation {unknown}
Potions
 d - a potion of mutation {unknown}
 g - a potion of flight {unknown}
 p - a potion of berserk rage {unknown}
Comestibles
 f - 4 rations


   Skills:
 + Level 1.1 Fighting
 + Level 1.4 Slings
 * Level 4.6 Bows
 * Level 1.0 Armour
 + Level 1.4 Dodging
 + Level 1.0 Spellcasting
 * Level 3.4 Hexes


You had 2 spell levels left.
You knew the following spells:

 Your Spells              Type           Power        Failure   Level  Hunger
a - Corona                Hex            #......      8%          1    ##.....
b - Slow                  Hex            #.......     11%         2    ###....

Your spell library contained the following spells:

 Spells                   Type           Power        Failure   Level  Hunger
 Inner Flame              Hex/Fire       #.......     41%         3    ####...
 Portal Projectile        Hex/Tloc       #.....       41%         3    ####...
 Cause Fear               Hex            #.........   58%         4    #####..
 Leda's Liquefaction      Hex/Erth       #.........   83%         4    #####..


Dungeon Overview and Level Annotations

Branches:
Dungeon (2/15)

Altars:


Innate Abilities, Weirdness & Mutations

You have hooves in place of feet.
Armour fits poorly on your strangely shaped body.
You cover ground very quickly.
You have extremely tough skin. (AC +3)


Message History

You shoot an arrow. The arrow closely misses the gnoll.
All of the chunks of flesh in your inventory have rotted away.
Firing (i - inventory. (/) - cycle)
o - 14 arrows (quivered)
Press: ? - help, Shift-Dir - straight line, f/p - gnoll
Aim: a gnoll, wielding a +0 halberd (heavily wounded)
You shoot an arrow. The arrow barely misses the gnoll.
Firing (i - inventory. (/) - cycle)
o - 13 arrows (quivered)
Press: ? - help, Shift-Dir - straight line, f/p - gnoll
Aim: a gnoll, wielding a +0 halberd (heavily wounded)
You shoot an arrow. The arrow hits the gnoll.
The gnoll is heavily wounded.
The gnoll hits you from afar with a +0 halberd!
* * * LOW HITPOINT WARNING * * *
Firing (i - inventory. (/) - cycle)
o - 12 arrows (quivered)
Press: ? - help, Shift-Dir - straight line, f/p - gnoll
Aim: a gnoll, wielding a +0 halberd (heavily wounded)
You shoot an arrow. The arrow hits the gnoll!
You kill the gnoll!
The gnoll hits you with a +0 flail.
You die...

### ..# ############
#.#######..........##############
#....)..........@..'............#
.....†........>..g.############.#
#.####.##........(.# #.#
#.####.##........(.# #†#
#.#.....#..........# #.#
#.#.##..#..........# #.#
#.#.##..#..........# #.#
#.#.....#........(.# #.#
#.###...#..........# #.#


You could see a gnoll.

Vanquished Creatures
  Terence (D:2)
  An adder (D:2)
  2 gnolls
  An ooze (D:1)
  2 worms (D:2)
  3 dart slugs (D:2)
  2 leopard geckos (D:2)
  A giant cockroach (D:2)
  7 goblins
  5 hobgoblins
  6 bats (D:1)
  3 frilled lizards
  4 kobolds (D:1)
  4 rats
42 creatures vanquished.

Notes
Turn   | Place    | Note
-------+----------+-------------------------------------------
     0 | D:1      | Bronimir the Centaur Arcane Marksman began the quest for
                  | the Orb.
     0 | D:1      | Reached XP level 1. HP: 16/16 MP: 2/2
   200 | D:1      | Reached XP level 2. HP: 23/23 MP: 3/3
   314 | D:1      | Learned a level 2 spell: Slow
   401 | D:1      | Reached skill level 3 in Bows
   768 | D:2      | Reached XP level 3. HP: 28/28 MP: 4/4
   804 | D:1      | Reached skill level 4 in Bows
  1269 | D:2      | Noticed Terence
  1330 | D:2      | Killed Terence
  1330 | D:2      | Reached skill level 1 in Slings
  1330 | D:2      | Reached XP level 4. HP: 20/35 MP: 5/5
  1833 | D:2      | Reached skill level 1 in Armour
  2084 | D:2      | Slain by a gnoll

Levels and vault maps discovered:
D:1:      kennysheep_arrival_forest, layout_loops_ring
D:2:      layout_basic, first_ration, grunt_decor_resistance,
          roderic_roman_lattice, uniq_robin, uniq_terence

Skill      XL: |  1  2  3  4 |
---------------+-------------+-----
Hexes          | 3 |  3.4
Bows           | 3 4 |  4.6
Slings         | 1 |  1.4
Armour         | 1 |  1.0
Fighting       | |  1.1
Dodging        | |  1.4
Spellcasting   | |  1.0

Action                   |  1- 3 |  4- 6 || total
-------------------------+-------+-------++-------
Melee: Flail             |       |    40 ||    40
       Kick              |       |     6 ||     6
 Fire: Shortbow          |    98 |    13 ||   111
       Hunting sling     |    25 |    13 ||    38
 Cast: Slow              |     2 |       ||     2
       Corona            |     1 |       ||     1
  Eat: Chunk             |       |     2 ||     2
Armor: Robe              |    12 |    10 ||    22
Dodge: Dodged            |    29 |    36 ||    65
